 Dungeon Crawl Stone Soup version 0.27.1-4-g1640c2035a (webtiles) character file.

Game seed: 3240507353697206849

2184 Stomo444 the Skirmisher (level 9, -4/50 HPs)
             Began as a Vine Stalker Monk on Nov 9, 2021.
             Was a Believer of Wu Jian.
             Killed by divine providence
             ... invoked by an orc priest
              (10 damage)
             ... on level 8 of the Dungeon.
             The game lasted 00:13:26 (6464 turns).

Stomo444 the Skirmisher (Vine Stalker Monk)         Turns: 6464, Time: 00:13:27

Health: -4/50      AC:  6    Str: 17    XL:     9   Next: 33%
Magic:  0/10       EV: 29    Int: 10    God:    Wu Jian [**....]
Gold:   296        SH:  0    Dex: 17    Spells: 8/8 levels left

rFire    . . .     SeeInvis .   a - +0 mace
rCold    . . .     Faith    .   (no shield)
rNeg     . . .     Spirit   +   b - +0 robe
rPois    .         Reflect  .   (helmet restricted)
rElec    .         Harm     .   (no cloak)
rCorr    .         Rampage  .   (no gloves)
Will     +....                  (no boots)
Stlth    ++........             r - amulet of the acrobat
HPRegen  1.16/turn              u - +4 ring of protection
MPRegen  0.12/turn              (no ring)

@: mighty, lethally poisoned (-4 -> -4), acrobatic
A: fangs 3, regeneration 1, magic shield, antimagic bite, no potion heal 2,
horns 1, deterioration 1
a: Renounce Religion, Wall Jump


You were on level 8 of the Dungeon.
You worshipped Wu Jian.
Wu Jian was pleased with you.
You visited 2 branches of the dungeon, and saw 9 of its levels.
You also visited: Sewer.

You collected 296 gold pieces.

Inventory:

Hand Weapons
 a - a +0 mace (weapon)
Armour
 b - a +0 robe (worn)
Jewellery
 r - an amulet of the acrobat (around neck)
 u - a +4 ring of protection (left hand)
 x - a ring of protection from cold
Wands
 y - a wand of polymorph (6)
Scrolls
 c - 4 scrolls of blinking {unknown}
 d - 3 scrolls of magic mapping {unknown}
 e - a scroll of noise {unknown}
 g - a scroll of silence {unknown}
 j - 11 scrolls of identify {unknown}
 m - a scroll of torment {unknown}
 n - 2 scrolls of teleportation {unknown}
 o - a scroll of enchant weapon {unknown}
 t - 2 scrolls of amnesia {unknown}
 v - a scroll of fog {unknown}
Potions
 h - a potion of mutation
 i - a potion of invisibility {unknown}
 k - a potion of might
 l - 2 potions of curing {unknown}
 p - a potion of flight {unknown}
 q - a potion of degeneration {unknown}
 s - a potion of lignification {unknown}
 w - a potion of heal wounds {unknown}


   Skills:
 * Level 7.5 Fighting
 * Level 7.5 Maces & Flails
 + Level 5.1 Dodging
 - Level 2.4 Stealth


You had 8 spell levels left.
You didn't know any spells.
Your spell library contained the following spells:

 Spells                   Type           Power      Damage    Failure   Level
 Apportation              Tloc           0%         N/A       36%         1
 Blink                    Tloc           N/A        N/A       50%         2
 Lesser Beckoning         Tloc           0%         N/A       75%         3
 Ozocubu's Armour         Ice            0%         N/A       75%         3
 Alistair's Intoxication  Tmut/Pois      0%         N/A       100%        5
 Manifold Assault         Tloc           0%         N/A       100%        5
 Metabolic Englaciation   Hex/Ice        0%         N/A       100%        5
 Invisibility             Hex            0%         N/A       100%        6
 Simulacrum               Ice/Necr       0%         N/A       100%        6


Dungeon Overview and Level Annotations

Branches:
Dungeon (8/15)             Temple (1/1) D:4           Sewer (visited)
   Lair: D:8-11

Altars:
Ashenzari
Dithmenos
Elyvilon
Fedhas
Gozag
Hepliaklqana
Kikubaaqudgha
Makhleb
Nemelex Xobeh
Okawaru
Qazlal
Sif Muna
Trog
Vehumet
Wu Jian
Yredelemnul
Zin

Annotations:
D:7 Dowan


Innate Abilities, Weirdness & Mutations

You have razor-sharp teeth.
Your natural rate of healing is unusually fast.
When hurt, damage is shared between your health and your magic reserves.
Your bite disrupts and absorbs the magic of your enemies.
Potions cannot restore your health.
You have a pair of small horns on your head.
Your body sometimes deteriorates upon taking damage.


Message History

The water moccasin is moderately wounded.
The water moccasin bites you.
You are poisoned.
The water moccasin poisons you! The water moccasin closely misses you.
You hit the water moccasin. You bite the water moccasin! You drain its power.
You feel invigorated.
The water moccasin is severely wounded.
You feel very sick.
The water moccasin bites you but does no damage.
You barely miss the water moccasin. You headbutt the water moccasin.
The water moccasin is almost dead.
You feel very sick. The water moccasin bites you.
You closely miss the water moccasin.
The orc priest shouts!
You headbutt the water moccasin.
The water moccasin is almost dead.
You feel sick.
The water moccasin bites you but does no damage.
The water moccasin closely misses you.
You miss the water moccasin.
The water moccasin is almost dead.
You feel sick.
The water moccasin bites you but does no damage.
The orc priest calls down the wrath of Beogh upon you.
Beogh smites you!
* * * LOW HITPOINT WARNING * * *
You thump the water moccasin!
You kill the water moccasin!
The Council accepts your kill.
You feel sick.
The orc priest invokes the aid of Beogh against you.
Beogh smites you!
* * * LOW HITPOINT WARNING * * *
Okay, then.
Okay, then.
You feel sick.
The orc priest calls down the wrath of Beogh upon you.
Beogh smites you!
You die...

.## ...## ## ...
#########.#
...##.###o5.o@../.#
#....o.o.#########
#.:..........#
...###.########
#.### Y### #...#
.....###o#
#....o########
####..#......#


You could see an orc warrior, an orc priest, a white imp and 2 orcs.

Vanquished Creatures
  A troll (D:6)
  A wyvern (D:7)
  Duvessa (D:7)
  A water moccasin (D:8)
  A sky beast (D:7)
  3 necrophages
  2 ogres
  2 phantoms (D:6)
  3 kobold brigands (Sewer)
  2 scorpions
  2 wyvern skeletons (D:6)
  2 water moccasin zombies
  2 jellies
  An iguana (D:5)
  An orc wizard (D:3)
  A killer bee zombie (D:5)
  2 hound skeletons
  A howler monkey zombie (D:5)
  A howler monkey skeleton (D:4)
  8 adders
  5 worms
  3 dart slugs
  9 orcs
  17 ball pythons
  11 bats
  11 endoplasms
  4 giant cockroaches
  4 goblins
  7 hobgoblins
  12 kobolds
  3 quokkas
  6 frilled lizards
  17 rats
147 creatures vanquished.

Vanquished Creatures (others)
  3 plants (D:3)
3 creatures vanquished.

Grand Total: 150 creatures vanquished

Notes
Turn   | Place    | Note
-------+----------+-------------------------------------------
     0 | D:1      | Stomo444 the Vine Stalker Monk began the quest for the Orb.
     0 | D:1      | Reached XP level 1. HP: 11/11 MP: 2/2
   189 | D:1      | Reached XP level 2. HP: 16/16 MP: 3/3
   848 | D:1      | Reached XP level 3. HP: 10/20 MP: 2/4
  1641 | D:2      | Found a broken altar of Ashenzari.
  1725 | D:2      | Gained mutation: Your natural rate of healing is unusually
                  | fast. [Vine Stalker growth]
  1725 | D:2      | Reached XP level 4. HP: 24/24 MP: 5/5
  1946 | D:3      | Found an ancient bone altar of Kikubaaqudgha.
  2104 | D:3      | Found a faded altar of an unknown god.
  2233 | D:3      | Reached XP level 5. HP: 29/29 MP: 6/6
  2489 | D:3      | Found a glowing drain.
  2502 | Sewer    | Entered a sewer
  2711 | Sewer    | Noticed a kobold brigand
  2747 | Sewer    | Killed a kobold brigand
  2748 | Sewer    | Reached XP level 6. HP: 12/33 MP: 2/7
  3449 | D:3      | Found an opulent altar of Gozag.
  3450 | D:3      | Found a bloodstained altar of Trog.
  3450 | D:3      | Found a basalt altar of Yredelemnul.
  3453 | D:3      | Found a broken altar of Ashenzari.
  3672 | D:4      | Noticed a necrophage
  3684 | D:4      | Killed a necrophage
  3685 | D:4      | Reached XP level 7. HP: 23/38 MP: 2/8
  3934 | D:4      | Reached skill level 5 in Fighting
  3934 | D:4      | Reached skill level 5 in Maces & Flails
  4432 | D:4      | Found a staircase to the Ecumenical Temple.
  4441 | Temple   | Entered the Ecumenical Temple
  4462 | Temple   | Became a worshipper of the Wu Jian Council
  4462 | Temple   | Reached * piety under Wu Jian
  4462 | Temple   | Reached ** piety under Wu Jian
  4520 | D:5      | Entered Level 5 of the Dungeon
  4737 | D:5      | Gained mutation: You have razor-sharp teeth. [Vine Stalker
                  | growth]
  4737 | D:5      | Reached XP level 8. HP: 41/44 MP: 7/9
  5314 | D:6      | Noticed a troll
  5477 | D:6      | Killed a troll
  6267 | D:7      | Noticed Duvessa
  6268 | D:7      | Noticed a wyvern
  6281 | D:7      | Noticed Dowan
  6297 | D:7      | Killed Duvessa
  6298 | D:7      | Reached XP level 9. HP: 31/50 MP: 7/10
  6375 | D:7      | Reached skill level 5 in Dodging
  6403 | D:7      | Found a stormy altar of Qazlal.
  6449 | D:8      | Gained mutation: Your body sometimes deteriorates upon
                  | taking damage. [potion of mutation]
  6449 | D:8      | Gained mutation: You have a pair of small horns on your
                  | head. [potion of mutation]
  6464 | D:8      | Killed from afar by an orc priest

Illustrated notes

Levels and vault maps discovered:
D:1:      psy_arrival_whirlpool, layout_basic, minmay_tetromino_i4
D:2:      layout_basic, basic_altar
D:3:      layout_loops_ring, minitemple, mainiacjoe_overflow_chevrons,
          portal_sewer_entry_e, hellmonk_ecumenical_altar_lost_god
D:4:      layout_loops_cross, temple_hall, serial_glass, glass_columns_a,
          glass_columns_c, glass_columns_a, glass_columns_b, glass_columns_b,
          kennysheep_crisscross
D:5:      layout_basic
D:6:      minmay_angry_zag, layout_basic, item_on_display_a
D:7:      minmay_clustersquares, layout_basic, nicolae_qazlal_general_emergency,
          marbit_many_paths, uniq_duvessa, uniq_pikel
D:8:      layout_rooms, dancing_weapons_uskayaw, ebering_ghost_xom,
          minmay_misc_feat_rugged, uniq_erica, uniq_grum
Temple:   minmay_freezing_vapour_temple

Skill      XL: |  1  2  3  4  5  6  7  8  9 |
---------------+----------------------------+-----
Maces & Flails | 3 4 5 7 |  7.5
Fighting       | 3 4 5 7 |  7.5
Dodging        | 3 4 5 |  5.1
Stealth        | |  2.4

Action                   |  1- 3 |  4- 6 |  7- 9 || total
-------------------------+-------+-------+-------++-------
Melee: Mace              |    86 |   239 |   265 ||   590
       Bite              |    22 |    76 |   101 ||   199
       Headbutt          |       |       |     3 ||     3
Invok: Lunge             |       |       |    10 ||    10
       Whirlwind         |       |       |     9 ||     9
 Abil: Wall Jump         |       |       |     2 ||     2
  Use: Potion            |       |       |     3 ||     3
 Stab: Sleeping          |     3 |     5 |     8 ||    16
       Distracted        |       |       |     2 ||     2
Armor: Robe              |    11 |    26 |    34 ||    71
Dodge: Dodged            |    60 |   150 |   211 ||   421
